AoeStats
← BORN

Arabian Desert

510561875Analyzed
1v1 RM · 15h ago on Oct 1, 2026· 53m 26s· 2 players
Game mode
Random Map
Map size
Tiny (2 player)
Population
200
Speed
Normal
Resources
Standard
Victory
Conquest
Starting age
Dark Age
Ending age
Imperial Age
RankedLock teamsTeams togetherTeam positionsShared explorationLock speedFull tech treeHidden civsTurbo modeCheats
Victory
Defeat
🇳🇴 Maya · Norway
1036
+17
🇪🇸 Franks · Spain
1052
-17
Jote
0:32 Loom
12:14 Feudal Age
12:24 Man-at-Arms
15:18 Arson
15:58 Double-Bit Axe
16:11 Horse Collar
18:32 Fletching
20:03 Forging
24:43 Castle Age
23:33 Padded Archer Armor
25:41 Wheelbarrow
25:11 Gold Mining
26:24 Bodkin Arrow
26:03 Crossbowman
27:28 Bow Saw
33:53 Ballistics
36:36 Leather Archer Armor
38:07 Thumb Ring
43:31 Imperial Age
41:17 Squires
41:21 Stone Mining
44:11 Arbalester
45:10 Bracer
45:41 Ring Archer Armor
45:10 Capped Ram
49:18 Siege Ram
BORN
10:50 Feudal Age
14:32 Loom
18:54 Castle Age
27:29 Stone Mining
29:26 Wheelbarrow
28:59 Elite Skirmisher
36:54 Imperial Age
35:08 Hand Cart
36:40 Fletching
37:16 Bodkin Arrow
39:46 Forging
50:08 Padded Archer Armor
Connection lost

Rejoining the realm…

Still unreachable

The connection could not be restored.

Session expired

The server has moved on; the page needs a fresh start.